 Dungeon Crawl Stone Soup version 0.25-a0-613-gf4b266557c (webtiles) character file.

Game seed: 4603144168215730032, levelgen mode: deterministic

46 Mobile the Skirmisher (level 3, -1/27 HPs)
             Began as an Octopode Wanderer on Mar 17, 2020.
             Slain by a giant cockroach (2 damage)
             ... on level 2 of the Dungeon.
             The game lasted 00:02:22 (895 turns).

Mobile the Skirmisher (Octopode Wanderer)            Turns: 895, Time: 00:02:23

Health: -1/27      AC:  1    Str: 11    XL:     3   Next: 66%
Magic:  3/3        EV: 10    Int: 16    God:
Gold:   44         SH:  7    Dex: 10    Spells: 1/2 levels left

rFire    . . .     SeeInvis .   a - +0 club
rCold    . . .     Gourm    .   d - +0 kite shield
rNeg     . . .     Faith    .   (helmet restricted)
rPois    .         Spirit   .   (no amulet)
rElec    .         Reflect  .   (no ring)
rCorr    .         Harm     .   (no ring)
MR       .....                  (no ring)
Stlth    +++.......             (no ring)
HPRegen  0.09/turn              (no ring)
MPRegen  0.08/turn              (no ring)
                                (no ring)
                                (no ring)

@: hasted, very quick
A: almost no armour, stealthy swim, amphibious, 8 rings, constrict 8, camouflage
1, gelatinous body 1
a: no special abilities


You were on level 2 of the Dungeon.
You were not hungry.

You visited 1 branch of the dungeon, and saw 2 of its levels.

You collected 44 gold pieces.

Inventory:

Hand Weapons
 a - a +0 club (weapon)
Armour
 d - a +0 kite shield (worn)
Scrolls
 b - 3 scrolls of identify {unknown}
 e - 3 scrolls of magic mapping {unknown}
 h - a scroll of blinking {unknown}
 j - a scroll of immolation {unknown}
 k - 2 scrolls of fog {unknown}
Potions
 l - a potion of curing {unknown}
 m - a potion of invisibility {unknown}
Comestibles
 f - 3 rations


   Skills:
 + Level 3.9 Fighting
   Level 2.0 Short Blades
 - Level 1.0 Dodging
 - Level 1.3 Stealth
 - Level 1.0 Shields
   Level 2.0 Conjurations
   Level 1.0 Charms


You had one spell level left.
You knew the following spells:

 Your Spells              Type           Power        Failure   Level  Hunger
a - Summon Butterflies    Summ           #.......     83%         1    ##.....

Your spell library contained the following spells:

 Spells                   Type           Power        Failure   Level  Hunger
 Call Canine Familiar     Summ           #.......     99%         3    ####...


Dungeon Overview and Level Annotations

Branches:
Dungeon (2/15)

Altars:


Innate Abilities, Weirdness & Mutations

You cannot wear most types of armour.
You are very stealthy in the water. (Stealth+)
You are amphibious.
You can wear up to eight rings at the same time.
You can use your tentacles to constrict eight enemies at once.
Your skin changes colour to match your surroundings (Stealth+).
Your rubbery body absorbs attacks. (AC +1, EV +1)


Message History

You hit the giant cockroach but do no damage.
Your grab misses the giant cockroach. The giant cockroach bites you.
* * * LOW HITPOINT WARNING * * *
The giant cockroach closely misses you.
You hit the giant cockroach. Your grab misses the giant cockroach.
The giant cockroach is heavily wounded.
The giant cockroach barely misses you.
You hit the giant cockroach but do no damage.
Your grab misses the giant cockroach.
The giant cockroach is heavily wounded.
The giant cockroach barely misses you. x2
Unknown command.
You hit the giant cockroach but do no damage.
Your grab misses the giant cockroach.
The giant cockroach is heavily wounded.
You block the giant cockroach's attack. The giant cockroach bites you.
* * * LOW HITPOINT WARNING * * *
It was a potion of haste.
You feel yourself speed up. The giant cockroach bites you.
You die...

. #..### .
.#... .## .#..
.. ... #.#..##
.....## #gg...#
#s# .######@##
.........#
#........# .
##.......# ..
.......<.###.#.
##...$..(.....l
#.............
#.......#.....
#>......#.....


You could see a giant cockroach, a hobgoblin and a goblin.

Vanquished Creatures
  2 adders (D:2)
  A dart slug (D:1)
  A leopard gecko (D:2)
  4 goblins (D:1)
  5 hobgoblins (D:1)
  A ball python (D:1)
  5 bats (D:1)
  A frilled lizard (D:1)
  A kobold (D:1)
  6 rats
27 creatures vanquished.

Notes
Turn   | Place    | Note
-------+----------+-------------------------------------------
     0 | D:1      | Mobile the Octopode Wanderer began the quest for the Orb.
     0 | D:1      | Mobile set off with the following items: a +0 club, a
                  | potion of lignification, a +0 kite shield, a ration; and
                  | the following spell memorised: Summon Butterflies; and the
                  | following spells available to memorise: Call Canine
                  | Familiar
     0 | D:1      | Reached XP level 1. HP: 14/14 MP: 1/1
   244 | D:1      | Reached XP level 2. HP: 19/20 MP: 2/2
   280 | D:1      | Reached skill level 3 in Fighting
   719 | D:1      | Reached XP level 3. HP: 24/26 MP: 3/3
   878 | D:2      | HP: 2/40 [poisoned by an adder]
   894 | D:2      | HP: 1/27 [giant cockroach (2)]
   895 | D:2      | Slain by a giant cockroach

Levels and vault maps discovered:
D:1:      lordsloth_arrival_two_stooges, layout_loops_ring
D:2:      layout_rooms, kennysheep_slug_shrine, guppyfry_early_orc_mine,
          uniq_terence

Skill      XL: |  1  2 |
---------------+-------+-----
Fighting       | 3 |  3.9
Short Blades   | |  2.0
Dodging        | |  1.0
Stealth        | |  1.3
Shields        | |  1.0
Conjurations   | |  2.0
Charms         | |  1.0

Action                   || total
-------------------------++-------
Melee: Club              ||    84
       Constrict         ||    19
       Tentacles         ||     9
  Use: Potion            ||     3
 Stab: Sleeping          ||     7
Armor: Skin              ||    28
Dodge: Dodged            ||    33
Block: Kite shield       ||    22

Table legend:
 A = Non-vault XP
 B = Vault XP
 C = Vault XP percentage of total XP
 D = Non-vault monster count
 E = Vault monster count
 F = Vault count percentage of total count
                 A         B        C        D         E       F
            +---------+---------+-------+---------+---------+-------
      Total |      66 |       0 |   0.0 |      27 |       0 |   0.0
            +---------+---------+-------+---------+---------+-------
        D:1 |      35 |       0 |   0.0 |      22 |       0 |   0.0
        D:2 |      31 |       0 |   0.0 |       5 |       0 |   0.0
            +---------+---------+-------+---------+---------+-------
